 Dungeon Crawl Stone Soup version 0.31-a0-489-g282fc92437 (webtiles) character file.

Game seed: 9545950809243938021

1997 Ethylacetat the Changeling (level 9, -1/62 HPs)
             Began as an Octopode Gladiator on Aug 8, 2023.
             Slain by a killer bee (4 damage)
             ... on level 7 of the Dungeon.
             The game lasted 00:07:40 (4254 turns).

Ethylacetat the Changeling (Octopode Gladiator)     Turns: 4254, Time: 00:07:41

Health: -1/62      AC:  1    Str: 19    XL:     9   Next: 21%
Magic:  18/18      EV: 13    Int: 11    God:
Gold:   203        SH: 10    Dex: 17    Spells: 8/8 levels left

rFire   . . .        q - +6 hammer "Zelallaly" {spect, Drain rCorr MP+9}
rCold   . . .        p - +0 kite shield
rNeg    + . .        b - melded +0 hat
rPois   .            (no amulet)
rElec   .            n - +6 ring of strength
rCorr   +            l - ring of positive energy
SInv    .            (no ring)
Will    .....        (no ring)
Stlth   +++          (no ring)
HPRegen 0.30/turn    (no ring)
MPRegen 0.16/turn    (no ring)
                     (no ring)

%: no passive effects
@: lethally poisoned (-1 -> -5), beast-form
A: beast (slay +4), almost no armour, amphibious, 8 rings, camouflage 1,
gelatinous body 1, (nimble swimmer 1), tentacles
a: Begin Untransformation


You were on level 7 of the Dungeon.
You were a hulking beast.
You visited 1 branch of the dungeon, and saw 6 of its levels.
You also visited: Sewer.

You collected 203 gold pieces.

Inventory:

Hand Weapons
 q - the +6 hammer "Zelallaly" (weapon) {spect, Drain rCorr MP+9}
   (You found it on level 2 of the Dungeon)

   MP:        It affects your magic capacity (+9).
   rCorr:     It protects you from acid and corrosion.
   Drain:     It drains your maximum health when unequipped.
Missiles
 c - 2 throwing nets (quivered)
 d - a javelin
 B - 4 boomerangs
 C - a curare-tipped dart
Armour
 b - a +0 hat (melded)
 p - a +0 kite shield (worn)
Jewellery
 l - a ring of positive energy (right tentacle)
 n - a +6 ring of strength (left tentacle)
Talismans
 f - a beast talisman (active)
Wands
 w - a wand of charming (9)
 x - a wand of flame (25)
 y - a wand of iceblast (7)
 J - a wand of polymorph (11)
Scrolls
 a - a scroll of noise {unknown}
 g - a scroll of poison {unknown}
 m - 6 scrolls of teleportation {unknown}
 r - 3 scrolls of fog {unknown}
 u - 2 scrolls of blinking {unknown}
 v - 3 scrolls of identify {unknown}
 A - a scroll of brand weapon {unknown}
 D - a scroll of vulnerability {unknown}
 F - a scroll of enchant weapon {unknown}
 H - a scroll of revelation {unknown}
 I - a scroll of amnesia {unknown}
Potions
 e - 2 potions of degeneration {unknown}
 h - 5 potions of curing
 i - 3 potions of heal wounds {unknown}
 j - a potion of berserk rage {unknown}
 k - 3 potions of invisibility {unknown}
 o - 2 potions of lignification {unknown}
 s - a potion of haste {unknown}
 t - a potion of enlightenment {unknown}
 z - 2 potions of cancellation {unknown}
 E - a potion of might {unknown}
 G - a potion of attraction {unknown}


   Skills:
 + Level 6.0 Fighting
 - Level 4.2 Short Blades
 - Level 2.0 Throwing
 - Level 3.0 Dodging
 + Level 5.3 Shields
 * Level 6.6 Shapeshifting


You had 8 spell levels left.
You didn't know any spells.
Your spell library contained the following spells:

 Spells                   Type           Power      Damage    Failure   Level
 Magic Dart               Conj           0%         1d3       63%         1
 Call Imp                 Summ           0%         N/A       77%         2
 Mephitic Cloud           Conj/Pois/Air  0%         N/A       94%         3


Dungeon Overview and Level Annotations

Branches:
Dungeon (7/15)              Sewer (visited)
 Temple: D:4-7

Altars:
Kikubaaqudgha
Makhleb
Qazlal
Vehumet


Innate Abilities, Weirdness & Mutations

You are a hulking beast.
Your limbs bulge with bestial killing power. (Slay +4)
You cannot wear most types of armour.
You are amphibious.
You can wear up to eight rings at the same time.
Your skin changes colour to match your surroundings (Stealth+).
Your rubbery body absorbs attacks. (AC +1, EV +1)
((You are camouflaged when in or above water. (Stealth+)))
You have tentacles for arms and can constrict up to eight enemies at once.


Message History

* * * LOW HITPOINT WARNING * * *
You are lethally poisoned!
The killer bee poisons you!
It was a potion of curing.
You feel better. The killer bee stings you.
* * * LOW HITPOINT WARNING * * *
You block the killer bee's attack. x2; The killer bee misses you.
You closely miss the killer bee. Your grab misses the killer bee.
Your +6 hammer "Zelallaly" {spect, Drain rCorr MP+9} hits the killer bee!
You block the killer bee's attack.
The killer bee stings you but does no damage.
The killer bee stings you.
* * * LOW HITPOINT WARNING * * *
The killer bee stings you.
* * * LOW HITPOINT WARNING * * *
The killer bee stings you but does no damage. x2
You miss the killer bee. You grab the killer bee.
The killer bee is moderately wounded.
Your +6 hammer "Zelallaly" {spect, Drain rCorr MP+9} hits the killer bee!
You constrict the killer bee.
You kill the killer bee!
The killer bee closely misses you. x2
The killer bee stings you but does no damage.
You barely miss the killer bee. Your grab misses the killer bee.
Your +6 hammer "Zelallaly" {spect, Drain rCorr MP+9} misses the killer bee.
The killer bee stings you but does no damage.
The killer bee closely misses you. The killer bee stings you.
* * * LOW HITPOINT WARNING * * *
You feel better.
Your +6 hammer "Zelallaly" {spect, Drain rCorr MP+9} disappears.
You block the killer bee's attack. The killer bee stings you.
* * * LOW HITPOINT WARNING * * *
You miss the killer bee. You grab the killer bee. You squeeze the killer bee!
The killer bee is heavily wounded.
Your +6 hammer "Zelallaly" {spect, Drain rCorr MP+9} barely misses the killer bee.
You constrict the killer bee, but do no damage.
The killer bee barely misses you. The killer bee stings you!
* * * LOW HITPOINT WARNING * * *
You are lethally poisoned!
The killer bee poisons you! The killer bee stings you.
You die...

.............########.#
####.#####.#...........#
#.# #.##.########## #.#
##.##.####### #.#
#...........# #.#
#..##..####.# #.. #..#
##.# .####.<##..#....#
........h(.......
?#####.##y[#.#### #.
#!.#.# #. #....# #.
##...# #. ..... #.
...### .. ...# #..#


You could see a killer bee and a friendly +6 hammer "Zelallaly" {spect, Drain
rCorr MP+9}.

Vanquished Creatures
  A cyclops (D:7)
  Grinder (D:3)
  Eustachio (D:6)
  A water moccasin (D:7)
  A sky beast (D:6)
  A black bear (D:6)
  A centaur (D:6)
  2 kobold brigands (Sewer)
  A bullfrog (D:7)
  3 scorpions (D:6)
  2 killer bees (D:7)
  A howler monkey (D:6)
  A crimson imp (D:3)
  2 jellies (D:6)
  A quasit (Sewer)
  Crazy Yiuf (D:2)
  A hound (D:4)
  Ijyb (D:3)
  3 adders
  3 shadow imps (Sewer)
  A white imp (D:3)
  An ufetubus (Sewer)
  2 worms
  A dart slug (D:1)
  9 orcs
  6 ball pythons
  6 bats
  10 endoplasms
  2 giant cockroaches
  4 goblins
  8 hobgoblins
  2 jackals (D:4)
  6 quokkas
  7 frilled lizards
  15 kobolds
  3 kobold zombies (Sewer)
  4 rats
116 creatures vanquished.

Notes
Turn   | Place    | Note
-------+----------+-------------------------------------------
     0 | D:1      | Ethylacetat the Octopode Gladiator began the quest for the
                  | Orb.
     0 | D:1      | Reached XP level 1. HP: 14/14 MP: 1/1
   162 | D:1      | Reached XP level 2. HP: 19/19 MP: 2/2
   416 | D:1      | Reached skill level 1 in Shapeshifting
   877 | D:1      | Reached XP level 3. HP: 25/25 MP: 3/3
  1148 | D:2      | Found a runed translucent door.
  1148 | D:2      | Identified the +6 hammer "Zelallaly" {spect, Drain rCorr
                  | MP+9}
  1149 | D:2      | Noticed Crazy Yiuf
  1165 | D:2      | Killed Crazy Yiuf
  1166 | D:2      | Reached XP level 4. HP: 4/30 MP: 4/4
  1685 | D:3      | Noticed Ijyb
  1691 | D:3      | Killed Ijyb
  1692 | D:3      | Reached skill level 1 in Shields
  1736 | D:3      | Found a stormy altar of Qazlal.
  1760 | D:3      | Noticed Grinder
  1766 | D:3      | Killed Grinder
  1767 | D:3      | Reached XP level 5. HP: 12/36 MP: 5/5
  1767 | D:3      | Reached XP level 6. HP: 14/42 MP: 6/6
  2252 | D:3      | Found a radiant altar of Vehumet.
  2253 | D:3      | Found a burning altar of Makhleb.
  2599 | D:4      | Reached XP level 7. HP: 46/47 MP: 7/7
  2753 | D:4      | You fall into a shaft and drop 3 floors!
  2808 | D:6      | Noticed Eustachio
  2815 | D:6      | Killed Eustachio
  2857 | D:6      | Found an ancient bone altar of Kikubaaqudgha.
  3022 | D:6      | Reached XP level 8. HP: 54/54 MP: 8/8
  3163 | D:6      | Found a glowing drain.
  3174 | Sewer    | Entered a sewer
  3296 | Sewer    | Found a burning altar of Makhleb.
  3305 | Sewer    | Reached skill level 5 in Shapeshifting
  3396 | Sewer    | Reached skill level 5 in Fighting
  4182 | D:7      | Noticed a cyclops
  4193 | D:7      | Killed a cyclops
  4194 | D:7      | Reached skill level 5 in Shields
  4194 | D:7      | Reached XP level 9. HP: 57/62 MP: 9/9
  4252 | D:7      | HP: 3/62 [killer bee (5)]
  4254 | D:7      | Slain by a killer bee

Illustrated notes

Levels and vault maps discovered:
D:1:      elethiomel_arrival_infinity_welcomes_careful_drivers, layout_basic,
          minmay_surrounded
D:2:      layout_basic, uniq_crazy_yiuf_cottage
D:3:      layout_basic, grunt_temple_overflow_lords_of_destruction,
          lemuel_doored_altar, uniq_ijyb, uniq_grinder
D:4:      layout_loops_ring, kennysheep_opposing_triangles
D:6:      layout_basic, mainiacjoe_overflow_paths, cheibrodos_sewer_entry_bend,
          uniq_eustachio
D:7:      minmay_flawed_box, layout_loops_ring,
          minmay_temple_entry_enclosed_plants

Skill      XL: |  1  2  3  4  5  6  7  8  9 |
---------------+----------------------------+-----
Shapeshifting  | 1 3 4 6 |  6.6
Shields        | 2 3 5 |  5.3
Fighting       | 3 4 5 6 |  6.0
Short Blades   | 4 |  4.2
Throwing       | |  2.0
Dodging        | |  3.0

Action                     |  1- 3 |  4- 6 |  7- 9 || total
---------------------------+-------+-------+-------++-------
  Melee: Rapier            |    48 |       |       ||    48
         Constrict         |    17 |    13 |    23 ||    53
         Tentacles         |    11 |     5 |    15 ||    31
         Punch             |     1 |     1 |       ||     2
         Mace              |     5 |    47 |    81 ||   133
  Throw: Throwing net      |     1 |       |       ||     1
    Use: Potion            |       |       |     2 ||     2
   Stab: Sleeping          |     8 |     8 |     6 ||    22
         Distracted        |     1 |       |       ||     1
 Armour: Skin              |     3 |       |     9 ||    12
  Dodge: Dodged            |    28 |    17 |    32 ||    77
  Block: Kite shield       |     2 |     8 |    35 ||    45
   Form: Beast             |     1 |       |       ||     1

Table legend: (Time is in decaauts)
 A = Elapsed time spent in this place.
 B = Non-inter-level travel time spent in this place.
 C = Inter-level travel time spent in this place.
 D = Time resting spent in this place.
 E = Time spent auto-exploring this place.
 F = Levels seen in this place.
 G = Mean time per level.
                   A        B        C        D        E       F      G
               +--------+--------+--------+--------+--------+-----+--------+
         Total |   4325 |   4200 |    125 |      2 |   3241 |   7 |  617.9 |
       Dungeon |   4050 |   3925 |    125 |      2 |   3075 |   6 |  675.0 |
         Sewer |    275 |    275 |      0 |      0 |    166 |   1 |  275.0 |
               +--------+--------+--------+--------+--------+-----+--------+

Top non-repeatable levels by time:
     D:6: 1069 daAuts
     D:1: 920 daAuts
     D:3: 871 daAuts
     D:2: 727 daAuts
   Sewer: 275 daAuts
     D:4: 265 daAuts
     D:7: 195 daAuts
